 Dungeon Crawl Stone Soup version 0.31.0-11-ge490571c62 (webtiles) character file.

Game seed: 4069954253586009833

99689 jasper the Stormcaller (level 16, -2/97 HPs)
             Began as a Tengu Air Elementalist on Feb 2, 2024.
             Was a High Priest of Vehumet.
             Slain by a tengu warrior
             ... wielding a +0 great mace
              (16 damage)
             ... on level 15 of the Dungeon on Feb 3, 2024.
             The game lasted 00:47:34 (31695 turns).

jasper the Stormcaller (Tengu Air Elementalist)    Turns: 31695, Time: 00:47:34

Health: -2/97      AC: 11    Str:  9    XL:     16   Next: 25%
Magic:  5/31       EV: 20    Int: 28    God:    Vehumet [*****.]
Gold:   1239       SH: 13    Dex: 16    Spells: 9/35 levels left

rFire   + . .        y - +5 trident (heavy)
rCold   . . .        j - +1 kite shield {rF+}
rNeg    . . .        E - +1 steam dragon scales
rPois   .            p - +2 hat
rElec   .            D - scarf {repulsion}
rCorr   .            u - +2 pair of gloves
SInv    .            (boots unavailable)
Will    +....        C - amulet of regeneration
Stlth   ++           r - +6 ring of intelligence
HPRegen 1.16/turn    (no ring)
MPRegen 0.22/turn

%: repel missiles, acrobat
@: flying
A: beak, talons 3, evasive flight, acrobatic
a: Renounce Religion


You were on level 15 of the Dungeon.
You worshipped Vehumet.
Vehumet was extremely pleased with you.
You visited 4 branches of the dungeon, and saw 23 of its levels.
You also visited: Sewer, Bailey and Gauntlet.

You collected 2028 gold pieces.
You spent 789 gold pieces at shops.

Inventory:

Hand Weapons
 e - a +1 club
 i - the +27 heavy crossbow "Sniper" {heavy, Acc+∞ SInv}
   (You found it on level 2 of the Dungeon)

   Acc+∞: It never misses its target.
   SInv:      It lets you see invisible.
 y - a +5 heavy trident (weapon)
Missiles
 I - a throwing net
Armour
 a - a +0 robe
 j - a +1 kite shield of fire resistance (worn)
 p - a +2 hat (worn)
 u - a +2 pair of gloves (worn)
 v - a +2 hat
 D - a scarf of repulsion (worn)
 E - +1 steam dragon scales (worn)
 J - a +0 buckler
Jewellery
 h - a ring of flight
 r - a +6 ring of intelligence (left hand)
 z - a +6 ring of strength
 C - an amulet of regeneration (around neck)
 K - a ring of ice
 L - a ring of ice
 T - an amulet of faith
Wands
 b - a wand of paralysis (11)
 s - a wand of polymorph (14)
 F - a wand of flame (6)
 G - a wand of iceblast (17)
 S - a wand of mindburst (7)
Scrolls
 d - 9 scrolls of teleportation
 f - 5 scrolls of revelation
 o - 5 scrolls of fog
 q - 2 scrolls of vulnerability
 x - a scroll of silence
 N - 5 scrolls of identify
 O - a scroll of poison
 P - a scroll of torment
 Q - a scroll of fear
 R - a scroll of amnesia
Potions
 c - 3 potions of enlightenment
 g - 3 potions of curing
 k - a potion of might
 l - 5 potions of mutation
 m - a potion of attraction
 n - 4 potions of brilliance
 t - 3 potions of haste
 w - 2 potions of resistance
 A - a potion of cancellation
 H - a potion of lignification
 M - a potion of degeneration
Miscellaneous
 B - a phantom mirror


   Skills:
 - Level 10.0 Fighting
 - Level 10.0 Dodging
 - Level 2.0 Stealth
 - Level 12.0 Shields
 - Level 10.0 Spellcasting
 + Level 11.7 Conjurations
 - Level 11.0 Fire Magic
 - Level 20.0 Air Magic


You had 9 spell levels left.
You knew the following spells:

 Your Spells              Type           Power      Damage    Failure   Level
a - Shock                 Conj/Air       100%       1d9       0%          1
b - Static Discharge      Conj/Air       100%       3-8/arc   1%          2
c - Swiftness             Air            90%        N/A       0%          3
d - Airstrike             Air            45%        2d(7-23)  1%          4
e - Apportation           Tloc           28%        N/A       11%         1
f - Mephitic Cloud        Conj/Alch/Air  65%        N/A       1%          3
g - Starburst             Conj/Fire      33%        6d10      4%          6
h - Conjure Ball Lightni  Conj/Air       40%        3x3d13    1%          6

Your spell library contained the following spells:

 Spells                   Type           Power      Damage    Failure   Level
 Magic Dart               Conj           100%       1d8       1%          1
 Dazzling Flash           Conj/Hex       94%        N/A       1%          3
 Hailstorm                Conj/Ice       47%        3d10      1%          3
 Inner Flame              Hex/Fire       44%        N/A       1%          3
 Stone Arrow              Conj/Erth      94%        3d12      1%          3
 Volatile Blastmotes      Fire/Tloc      88%        2d17      1%          3
 Flame Wave               Conj/Fire      67%        2d15      1%          4
 Brom's Barrelling Bould  Conj/Erth      47%        2d6       2%          4
 Fulminant Prism          Conj/Alch      23%        3d12      2%          4
 Iskenderun's Mystic Bla  Conj/Tloc      47%        2d10      2%          4
 Freeze                   Ice            56%        1d7       3%          1
 Sandblast                Erth           28%        2d8       3%          1
 Sticky Flame             Fire/Alch      44%        2d8       3%          4
 Silence                  Hex/Air        31%        N/A       4%          5
 Frozen Ramparts          Ice            28%        1d5       9%          3
 Blink                    Tloc           28%        N/A       17%         2
 Call Imp                 Summ           28%        N/A       17%         2
 Ensorcelled Hibernation  Hex/Ice        28%        N/A       17%         2
 Jinxbite                 Hex            28%        N/A       17%         2
 Lesser Beckoning         Tloc           28%        N/A       17%         2
 Fugue of the Fallen      Necr           14%        N/A       32%         3
 Gell's Gravitas          Tloc           14%        N/A       32%         3
 Passwall                 Erth           14%        N/A       32%         3
 Teleport Other           Tloc           14%        N/A       32%         3
 Bombard                  Conj/Erth      23%        9d4       36%         6
 Lee's Rapid Deconstruct  Erth           7%         3d6*      58%         5
 Yara's Violent Unravell  Hex/Alch       7%         3d5       58%         5
 Anguish                  Hex/Necr       7%         N/A       73%         4
 Animate Armour           Summ/Erth      28%        N/A       73%         4
 Leda's Liquefaction      Alch/Erth      7%         N/A       73%         4
 Alistair's Intoxication  Alch           9%         N/A       97%         5
 Curse of Agony           Necr           14%        N/A       97%         5
 Enfeeble                 Hex            7%         N/A       100%        7
 Lehudib's Crystal Spear  Conj/Erth      23%        10d7      100%        8


Dungeon Overview and Level Annotations

Branches:
Dungeon (15/15)            Temple (1/1) D:6            Lair (5/5) D:8
 Shoals (0/4) Lair:2        Snake (0/4) Lair:3        Slime (0/5) Lair:4
    Orc (2/2) D:10            Elf (0/3) Orc:2        Vaults (0/5) D:13
  Sewer (visited)          Bailey (visited)         Gauntlet (visited)
 Depths: D:15

Altars:
Ashenzari
Cheibriados
Dithmenos
Elyvilon
Fedhas
Gozag
Hepliaklqana
Kikubaaqudgha
Makhleb
Nemelex Xobeh
Okawaru
Qazlal
Ru
Sif Muna
Trog
Uskayaw
Vehumet
Wu Jian
Xom
Yredelemnul
Zin
The Shining One
Jiyva

Shops:
D:2 *   D:6 *   D:9 (   Orc:2 [(*=

Annotations:
Lair:3 3 runed translucent doors, ShellytheWitch's ghost, journeyman HOMo
Lair:5 exclusion: obsidian statue


Innate Abilities, Weirdness & Mutations

You have a beak for a mouth.
You have claws for feet.
Your magical flight helps you evade attacks. (EV +4)
You can magically evade attacks while moving or waiting.


Message History

Confirm with . or Enter, or press ? or * to list all spells.
Aiming: Airstrike (safe; 1% risk of failure)
Press: ? - help, Dir - move target, f/p - tengu conjurer
Aim: a tengu conjurer, wearing a +0 buckler (severely wounded, empty space bonus: 5/8)
The air twists around and strikes the tengu conjurer!
You kill the tengu conjurer!
Vehumet accepts your kill.
You feel your power returning.
The battlesphere dissipates.
Casting: Airstrike (safe; 1% risk of failure)
Confirm with . or Enter, or press ? or * to list all spells.
Aiming: Airstrike (safe; 1% risk of failure)
Press: ? - help, Dir - move target, f - tengu warrior
Aim: a tengu warrior, wielding a +0 great mace and wearing a +0 ring mail (empty space bonus: 8/8)
The air twists around and strikes the tengu warrior!!
The tengu warrior is moderately wounded.
Unknown command.
Casting: Airstrike (safe; 1% risk of failure)
Confirm with . or Enter, or press ? or * to list all spells.
You don't have enough magic to cast this spell.
Unknown command.
Unknown command.
The tengu warrior hits you with a +0 great mace!
* * * LOW HITPOINT WARNING * * *
The tengu warrior pecks you but does no damage.
The tengu warrior completely misses you.
You hit the tengu warrior. You claw the tengu warrior.
The tengu warrior is moderately wounded.
The tengu warrior barely misses you. The tengu warrior pecks you.
* * * LOW HITPOINT WARNING * * *
You block the tengu warrior's attack.
The tengu warrior shoots a bolt.
The bolt hits you!
* * * LOW HITPOINT WARNING * * *
The tengu warrior misses you.
You block the tengu warrior's attack. x2
The tengu warrior shoots a bolt.
The bolt closely misses you.
Okay, then.
As you read the scroll of fear, it crumbles to dust.
You assume a fearsome visage.
The tengu warrior looks frightened! x2
The tengu warrior slips past you!
The tengu warrior hits you with a +0 great mace!
You die...

.. ..# ..# ..#
.##############..#####
.......<..$......†....
........@Q.......†....
##..[........)..†..(..
##########..##########Q.######
........Q.Q.# #######§.......
........... ...............
#......... ...............
#..# #######........ #Q.#
#).......
#.Q################........


You could see 2 tengu warriors.

Vanquished Creatures
  Gastronok (Orc:2)
  An orc warlord (Orc:2)
  3 dire elephants (Lair:5)
  Snorg (D:12)
  An entropy weaver (shapeshifter) (D:13)
  Harold (D:10)
  4 vault guards (D:13)
  An ogre mage (D:13)
  4 hydras
  8 centaur warriors (D:13)
  A death knight (D:13)
  4 two-headed ogres
  2 death yaks
  3 boulder beetles (D:13)
  2 tengu warriors
  A spectral dire elephant (Lair:5)
  2 orc high priests (Orc:2)
  A deep elf knight (D:13)
  Sonja (D:12)
  2 skysharks
  A spectral anaconda (Lair:5)
  An arcanist (Gauntlet)
  2 necromancers (Lair:5)
  7 orc knights
  3 deep elf pyromancers (D:13)
  2 orc sorcerers (Orc:2)
  8 cyclopes
  A worldbinder (Gauntlet)
  11 ugly things
  7 manticores
  2 meliai (D:13)
  19 elephants
  A meliai (shapeshifter) (D:13)
  A black mamba (Lair:4)
  A molten gargoyle (D:12)
  8 gargoyles
  A torpor snail (shapeshifter) (D:14)
  A cane toad (shapeshifter) (D:14)
  11 cane toads
  3 unseen horrors
  A rime drake (Sewer)
  13 komodo dragons
  An ice devil (Gauntlet)
  2 kobold demonologists
  13 trolls
  4 tengu conjurers
  2 hornets
  14 dream sheep
  A tarantella (shapeshifter) (D:14)
  A shadow (D:12)
  6 slime creatures
  A wraith (D:13)
  25 yaks
  2 wyverns
  4 basilisks
  4 wargs
  14 vampire mosquitoes
  A steam dragon (D:8)
  Menkaure (D:6)
  4 acid dragons
  3 nagas (Lair:3)
  A swamp worm (Gauntlet)
  15 water moccasins
  An ice beast (D:6)
  30 orc warriors
  A sky beast (D:7)
  2 black bears
  2 laughing skulls (D:12)
  6 ogres
  3 boggarts (Gauntlet)
  25 wolves
  9 centaurs
  A phantom (D:5)
  A kobold brigand (D:14)
  14 bullfrogs
  3 gnoll sergeants
  2 scorpions
  13 wights
  An elephant simulacrum (Lair:5)
  8 killer bees
  10 howler monkeys
  An electric eel (D:8)
  3 bombardier beetles
  7 jellies
  4 hounds
  17 orc priests
  3 iguanas
  25 orc wizards
  10 gnolls
  A river rat (Sewer)
  20 adders
  2 shadow imps (Gauntlet)
  8 white imps
  5 dart slugs
  4 ribbon worms
  84 orcs
  18 ball pythons
  14 endoplasms
  6 giant cockroaches
  12 goblins
  9 hobgoblins
  14 jackals
  12 kobolds
  8 quokkas
  10 bats
  2 frilled lizards
  32 rats
  A spectral orc (D:13)
732 creatures vanquished.

Vanquished Creatures (others)
  A cyclops (D:11)
  A kobold demonologist (D:11)
  2 centaurs (D:11)
  A howler monkey (D:11)
  An orc wizard (D:11)
  9 ball lightnings
15 creatures vanquished.

Grand Total: 747 creatures vanquished

Notes
Turn   | Place    | Note
-------+----------+-------------------------------------------
     0 | D:1      | jasper the Tengu Air Elementalist began the quest for the
                  | Orb.
     0 | D:1      | Reached XP level 1. HP: 10/10 MP: 4/4
   227 | D:1      | Reached XP level 2. HP: 15/15 MP: 3/6
   713 | D:1      | Reached XP level 3. HP: 17/19 MP: 1/7
   726 | D:1      | Learned a level 2 spell: Static Discharge
   730 | D:1      | Learned a level 3 spell: Swiftness
   916 | D:1      | Reached skill level 5 in Air Magic
  1387 | D:2      | Found the +27 heavy crossbow "Sniper" {heavy, Acc+∞ SInv}
  1516 | D:2      | Reached XP level 4. HP: 24/24 MP: 1/8
  1781 | D:2      | Found an ancient bone altar of Kikubaaqudgha.
  1939 | D:2      | Found an opulent altar of Gozag.
  2306 | D:2      | Found Kuohoi's General Store.
  2316 | D:2      | Bought a scroll of identify for 20 gold pieces
  2316 | D:2      | Bought a scroll of fog for 40 gold pieces
  2597 | D:3      | Noticed a gnoll sergeant
  2600 | D:2      | Killed a gnoll sergeant
  2601 | D:2      | Reached skill level 6 in Air Magic
  2601 | D:2      | Reached XP level 5. HP: 25/28 MP: 9/9
  2705 | D:4      | Reached skill level 5 in Conjurations
  2764 | D:4      | Reached skill level 7 in Air Magic
  2764 | D:4      | Reached XP level 6. HP: 33/33 MP: 8/10
  2817 | D:4      | Reached skill level 1 in Fighting
  3162 | D:5      | Entered Level 5 of the Dungeon
  3219 | D:5      | Gained mutation: Your magical flight helps you evade
                  | attacks. (EV +4) [Tengu growth]
  3219 | D:5      | Reached XP level 7. HP: 39/39 MP: 11/11
  3224 | D:5      | Learned a level 4 spell: Airstrike
  3252 | D:5      | Reached skill level 8 in Air Magic
  3444 | D:6      | Noticed Menkaure
  3445 | D:6      | Killed Menkaure
  3446 | D:6      | Reached skill level 9 in Air Magic
  3446 | D:6      | Reached XP level 8. HP: 46/46 MP: 12/12
  3459 | D:6      | Found a glowing drain.
  3491 | Sewer    | Entered a sewer
  3878 | Sewer    | Learned a level 1 spell: Apportation
  4039 | Sewer    | a bullfrog changed into a rime drake
  4039 | Sewer    | Noticed a rime drake
  4041 | Sewer    | Killed a rime drake
  4042 | Sewer    | Reached skill level 10 in Air Magic
  4047 | Sewer    | Reached skill level 5 in Dodging
  4290 | D:6      | Found Raetzig's Retail Resort.
  4325 | D:6      | Found a staircase to the Ecumenical Temple.
  4336 | Temple   | Entered the Ecumenical Temple
  4347 | Temple   | Became a worshipper of Vehumet
  4458 | D:6      | Reached XP level 9. HP: 52/52 MP: 14/16
  4462 | D:6      | Learned a level 3 spell: Mephitic Cloud
  4777 | D:6      | HP: 1/46 [wight/+4 dire flail (4)]
  4781 | D:6      | Reached skill level 11 in Air Magic
  5178 | D:7      | Found a shimmering blue altar of Sif Muna.
  5632 | D:7      | Reached skill level 5 in Fighting
  5703 | D:7      | Reached * piety under Vehumet
  5703 | D:7      | Offered knowledge of Magic Dart by Vehumet.
  6169 | D:7      | Reached skill level 12 in Air Magic
  7666 | D:3      | Found a faded altar of an unknown god.
  8039 | D:8      | Reached ** piety under Vehumet
  8236 | D:8      | Offered knowledge of Kiss of Death by Vehumet.
  8237 | D:8      | Reached XP level 10. HP: 57/60 MP: 10/17
  8239 | D:8      | Reached skill level 13 in Air Magic
  8576 | D:8      | Noticed an elephant
  9269 | D:8      | Killed an elephant
  9270 | D:8      | Reached skill level 14 in Air Magic
  9483 | D:8      | Found a staircase to the Lair.
  9771 | D:9      | Found a glowing golden altar of the Shining One.
  9775 | D:9      | Found a white marble altar of Elyvilon.
  9779 | D:9      | Found a blossoming altar of Fedhas.
  9807 | D:9      | Offered knowledge of Frozen Ramparts by Vehumet.
  9946 | D:9      | Found a flagged portal.
  9966 | Bailey   | Entered a bailey
 10006 | Bailey   | Reached *** piety under Vehumet
 10118 | Bailey   | Noticed an orc knight
 10118 | Bailey   | Noticed an orc knight
 10158 | Bailey   | Reached skill level 15 in Air Magic
 10158 | Bailey   | Reached XP level 11. HP: 67/67 MP: 18/18
 10166 | Bailey   | Killed an orc knight
 10422 | Bailey   | Killed an orc knight
 10470 | Bailey   | Reached skill level 18 in Air Magic
 10470 | Bailey   | Reached XP level 12. HP: 73/73 MP: 19/19
 10590 | D:9      | Offered knowledge of Hailstorm by Vehumet.
 10623 | D:9      | Found Rylity's Weapon Boutique.
 10814 | D:6      | Bought an amulet of regeneration for 360 gold pieces
 11036 | D:9      | Reached skill level 19 in Air Magic
 11456 | D:10     | Entered Level 10 of the Dungeon
 11520 | D:10     | Noticed a two-headed ogre
 11524 | D:10     | Reached **** piety under Vehumet
 11530 | D:10     | Killed a two-headed ogre
 11605 | D:10     | Found a viscous altar of Jiyva.
 11648 | D:10     | Found a staircase to the Orcish Mines.
 11663 | D:10     | Offered knowledge of Volatile Blastmotes by Vehumet.
 11782 | D:10     | Noticed Harold
 11788 | D:10     | Killed Harold
 11922 | D:10     | Noticed a two-headed ogre
 11928 | D:10     | Killed a two-headed ogre
 12637 | D:11     | Noticed a two-headed ogre
 12657 | D:11     | Killed a two-headed ogre
 12658 | D:11     | Reached skill level 20 in Air Magic
 12659 | D:11     | Reached skill level 1 in Shields
 12724 | D:11     | Reached skill level 10 in Dodging
 13068 | D:11     | Reached XP level 13. HP: 48/80 MP: 8/20
 13473 | D:11     | Found a shimmering altar of Xom.
 13826 | Lair:1   | Entered Level 1 of the Lair of Beasts
 14347 | Lair:1   | Reached ***** piety under Vehumet
 14350 | Lair:1   | Offered knowledge of Starburst by Vehumet.
 14358 | Lair:1   | Learned a level 6 spell: Starburst
 14564 | Lair:1   | Reached skill level 10 in Fighting
 14777 | Lair:1   | Reached skill level 5 in Shields
 14814 | Lair:1   | Reached skill level 1 in Fire Magic
 15548 | Lair:2   | Found a staircase to the Shoals.
 17002 | Orc:1    | Entered Level 1 of the Orcish Mines
 17373 | Orc:2    | Entered Level 2 of the Orcish Mines
 17373 | Orc:2    | Found a staircase to the Elven Halls.
 17459 | Orc:2    | Found a gate leading to a gauntlet.
 17476 | Gauntlet | Entered a Gauntlet
 17476 | Gauntlet | Found a transporter.
 17476 | Gauntlet | Found a transporter.
 17557 | Gauntlet | Found a transporter.
 17567 | Gauntlet | Found a transporter.
 17582 | Gauntlet | Found a transporter.
 17594 | Gauntlet | Found a transporter.
 17607 | Gauntlet | Found a transporter.
 17613 | Gauntlet | Found a transporter.
 17626 | Gauntlet | Noticed an entropy weaver
 17627 | Gauntlet | Found a transporter.
 17632 | Gauntlet | Found a transporter.
 17636 | Gauntlet | Found a transporter.
 17636 | Gauntlet | Found a transporter.
 17772 | Gauntlet | Reached skill level 5 in Fire Magic
 17985 | Gauntlet | Identified the +0 plate armour "Suwnov" {rPois Int-4 Dex+4
                  | SInv}
 17985 | Gauntlet | Noticed a minotaur
 18501 | Orc:2    | Offered knowledge of Ozocubu's Refrigeration by Vehumet.
 18765 | Orc:1    | Noticed Gastronok
 19090 | Orc:2    | Noticed an orc warlord
 19363 | Orc:2    | Killed an orc warlord
 19364 | Orc:2    | Reached skill level 10 in Conjurations
 19364 | Orc:2    | Reached XP level 14. HP: 88/88 MP: 7/21
 19666 | Orc:2    | Found Jibbeel's General Store.
 19674 | Orc:2    | Bought a scroll of brand weapon for 114 gold pieces
 19678 | Orc:2    | Found Xeygringu's Jewellery Shoppe.
 19875 | Orc:2    | Found Acelotzura's Antique Armour Boutique.
 19883 | Orc:2    | Bought a pair of runed gloves for 255 gold pieces
 19901 | Orc:2    | Found Lomyef's Antique Weapon Emporium.
 20834 | Orc:2    | Killed Gastronok
 21067 | D:11     | Reached skill level 10 in Fire Magic
 22146 | D:12     | Noticed Snorg
 22153 | D:12     | Killed Snorg
 22432 | D:12     | Noticed Sonja
 22434 | D:12     | Killed Sonja
 22435 | D:12     | Reached skill level 5 in Spellcasting
 23166 | D:13     | Found a gate to the Vaults.
 23169 | D:13     | Offered knowledge of Fireball by Vehumet.
 24093 | D:13     | Found a hazy altar of Hepliaklqana.
 24370 | D:13     | Reached XP level 15. HP: 92/92 MP: 24/28
 24923 | D:13     | Reached skill level 10 in Spellcasting
 26953 | D:15     | Entered Level 15 of the Dungeon
 28001 | Lair:3   | Found a runed translucent gate.
 28001 | Lair:3   | Found a runed translucent gate.
 28012 | Lair:3   | Found a runed translucent gate.
 28020 | Lair:3   | Noticed ShellytheWitch's ghost (journeyman HOMo)
 28185 | Lair:3   | Found a staircase to the Snake Pit.
 28658 | Lair:4   | Found a viscous altar of Jiyva.
 28658 | Lair:4   | Found a staircase to the Slime Pits.
 28695 | Lair:4   | Reached skill level 10 in Shields
 29727 | Lair:4   | Offered knowledge of Conjure Ball Lightning by Vehumet.
 29735 | Lair:4   | Learned a level 6 spell: Conjure Ball Lightning
 29932 | Lair:4   | Reached XP level 16. HP: 29/97 MP: 10/31
 30022 | Lair:4   | Identified the +3 dagger "Lynoc" {holy, rF+ Will+ Str-5}
 30060 | Lair:5   | Entered Level 5 of the Lair of Beasts
 31695 | D:15     | Slain by a tengu warrior

Illustrated notes

Levels and vault maps discovered:
D:1:      minmay_arrival_diagonal_passages, layout_basic
D:2:      wad_woods_stonehenge, layout_basic, basic_altar, serial_shops,
          nicolae_shop_tiny_waterfront
D:3:      layout_rooms, hellmonk_ecumenical_altar_pennies_from_heaven
D:4:      layout_rooms
D:5:      cheibrodos_two_vegetables, layout_loops_ring, serial_bayou_ford_a
D:6:      layout_gridville, minmay_temple_entry_offerings, gup_sewer_entry_pipe,
          nicolae_alphabet_shops, uniq_menkaure
D:7:      layout_gridville, overflow_temple_1_default, hangedman_glass_teeth,
          kennysheep_generic_room_13
D:8:      layout_basic, grunt_lair_entry_orc_guard_hut,
          minmay_misc_feat_more_columns
D:9:      cheibrodos_iron_armory, layout_loops_ring,
          grunt_temple_overflow_diamond, serial_shops,
          nicolae_shop_bloodbath_and_beyond, enter_bailey_5, nrook_uturn,
          amcnicky_mini_pool_medium
D:10:     layout_basic, david_orc_2, abandoned_shop, jiyva_altar_1, uniq_harold
D:11:     layout_basic, xom_confusion_cloud
D:12:     gargoyle_guard, layout_irregular_city, hex_large, uniq_sonja,
          uniq_snorg
D:13:     minmay_quarter_circles, layout_stronghold,
          lightli_vaults_fourway_checkpoint,
          nicolae_hepliaklqana_monster_ancestors
D:14:     layout_basic, chequers_serial_rivers_small_3
D:15:     grunt_enter_depths_hoard, layout_long_grid, minmay_fountain_box,
          uniq_roxanne
Temple:   regret_index_temple_chain_breaker
Lair:1:   layout_layer_cave, dreamdust_mushroom_princess
Lair:2:   layout_small_grid, minmay_shoals_entry_centaurs, lemuel_fruit_tree,
          grunt_megastairs_5
Lair:3:   layout_loops_ring, nicolae_snake_entry_squirm,
          maelrawn_ghost_gauntlet_escape, serial_bayou_shore_a
Lair:4:   layout_hall_layers, slime_entry_1, grunt_forest_large_clearing_hut
Lair:5:   due_jungle_book, layout_misc_corridors
Orc:1:    layout_diamond_mine, uniq_gastronok
Orc:2:    grunt_orc_gardens, layout_caves, grunt_orc_garden, grunt_orc_garden,
          grunt_orc_garden, grunt_orc_garden, gauntlet_entry_generic,
          nicolae_orc_pool_cavern

Skill      XL: |  1  2  3  4  5  6  7  8  9 10 11 12 13 14 15 16 |
---------------+-------------------------------------------------+-----
Conjurations   | 2 3 4 5 10 11 | 11.7
Air Magic      | 5 6 7 9 10 12 15 18 20 | 20.0
Fighting       | 1 3 4 5 7 9 10 | 10.0
Dodging        | 3 4 5 6 8 10 | 10.0
Spellcasting   | 4 8 10 | 10.0
Shields        | 2 5 11 12 | 12.0
Fire Magic     | 7 11 | 11.0
Stealth        | |  2.0

Action                     |  1- 3 |  4- 6 |  7- 9 | 10-12 | 13-15 | 16-18 || total
---------------------------+-------+-------+-------+-------+-------+-------++-------
  Melee: Unarmed           |     5 |       |       |       |       |       ||     5
         Kick              |     2 |       |     3 |     4 |    72 |    19 ||   100
         Club              |     2 |       |       |       |       |       ||     2
         Trident           |       |       |     9 |     9 |   203 |    30 ||   251
         Peck              |       |       |     3 |     2 |    57 |     8 ||    70
   Fire: Heavy crossbow    |     1 |    37 |    54 |    64 |       |       ||   156
   Cast: Shock             |    70 |    37 |   107 |   136 |   296 |     8 ||   654
         Static Discharge  |       |     2 |    17 |    27 |    45 |     2 ||    93
         Airstrike         |       |       |    36 |    71 |   317 |    24 ||   448
         Mephitic Cloud    |       |       |       |     2 |     2 |       ||     4
         Swiftness         |       |       |       |       |     1 |       ||     1
         Starburst         |       |       |       |       |   109 |    20 ||   129
         Conjure Ball Ligh |       |       |       |       |     1 |     2 ||     3
  Evoke: Wand              |       |       |     3 |       |     2 |       ||     5
         Phantom mirror    |       |       |       |       |     2 |       ||     2
    Use: Scroll            |     1 |     5 |     9 |     9 |    19 |     1 ||    44
         Potion            |       |       |     1 |     4 |    11 |       ||    16
   Stab: Distracted        |       |       |       |       |     1 |       ||     1
 Armour: Robe              |     5 |    12 |    48 |       |       |       ||    65
         Steam dragon scal |       |       |     3 |    94 |   380 |    41 ||   518
         Skin              |       |       |       |       |     2 |       ||     2
  Dodge: Dodged            |    23 |    27 |    73 |   165 |   541 |    46 ||   875
         Repelled          |       |       |     1 |     4 |     3 |       ||     8
  Block: Buckler           |       |       |       |     9 |   116 |       ||   125
         Kite shield       |       |       |       |       |   114 |    50 ||   164
